[Event "*** Titled Tuesday Blitz"]
[Site "Chess.com"]
[Date "2019.01.01"]
[Round "10"]
[White "GadimbayliA"]
[Black "xxysoul6"]
[Result "1-0"]
[WhiteElo "2788"]
[BlackElo "2880"]
[TimeControl "180+2"]
[EndTime "15:25:39 PST"]
[Termination "GadimbayliA won by resignation"]

1. e4 c5 2. Nf3 d6 3. d4 cxd4 4.
Nxd4 Nf6 5. Nc3 Nc6 6. Bb5 Bd7 7. Bg5 Nxd4 8. Bxd7+ Nxd7 9. Qxd4 Qb6 10. O-O-O Qxd4 11. Rxd4 g6 12. Nd5 Rc8 13. Rb4 b6 14. Ra4 h6 15.
Be3 e6 16. Bd4 Rg8 17. Nc3 a5 18. Rd1 Be7 19. Kb1 Nc5 20. Rc4 Kd7 21. f3 Kc6 22. a4 Kb7 23. Bxc5 Rxc5 24. Rxc5 bxc5 25. Nb5 Kc6 26. c4 f5 27. Re1 e5 28. Nc3 Bh4 29. Rd1 Rb8 30. Kc2 h5 31. Rd2 Bg5 32. Rd3 h4 33. h3 Rb4 34. b3 Rb8 35. Nb5 Be7 36. Nc3 Rh8 37. Kd1 Rh5 38. Rd2 Rg5 39. Rf2 Rg3 40. Kc2 Bf8 41. Kd3 Bh6 42. Rc2 Kd7 43.
Rf2 Ke6 44. Nd5 Bc1 45. Nc3 Bh6 46. Nd5 Bg7 47. Nc3 Bf8 48. Nd5 Rg5 49. Nc3 Rh5 50. Nd5 Rh7 51. Nc3 Rf7 52. Kc2 Bh6 53. Re2 Bf4 54. Nb5 Rd7 55. Kd3 Bg3 56. Kc2 Bh2 57. Kd3 Bg1 58. Nc3 Bd4 59. Nd5 Rb7 60. Kc2 Rh7 61.
Kd3 Rh5 62. exf5+ Kxf5 63. Re4 Rg5 64. Rg4 Rxg4 65. fxg4+ Ke6 66. Ke4 Kd7 67. Nf6+ Ke6 68. Nd5 Kd7 69. Nf6+ Ke6 70. Nh7 Bf2 71. Kf3 Be1 72.
Ng5+ Kd7 73. Ne4 Kc6 74. Ke2 Bb4 75. Ng5 d5 76. Nf3 e4 77. cxd5+ Kxd5 78. Nxh4 g5 79. Nf5 Ke5 80. Ke3 Ba3 81. g3 Bc1+ 82. Ke2 Ba3 83.
h4 gxh4 84. gxh4 Kf4 85. h5 Kxg4 86. Nd6 Kxh5 87. Nxe4 Kg4 88. Kd3 Kf5 89. Nd6+ Ke6 90. Nb7 Kd5 91. Nxa5 Bb4 92. Nc4 Kc6 93. Ke4 Bc3 94.
Ne5+ Kd6 95. Nc4+ Kc6 96. Ne5+ Kd6 97. Nf7+ Kc6 98. Nd8+ Kd6 99. Nf7+ Kc6 100. Kd3 Bb2 101. Kc4 Ba1 102. Nd8+ Kd7 103. Nb7 Kc6 104. Nxc5 Kb6 105. b4 Bb2 106. a5+ Kc7 107. Kb5 Ba3 108. Ne6+ Kd6 109. Nc5 Kc7 110. Ne6+ Kb7 111. a6+ Ka7 112. Nd4 Ka8 113. Nc6 Bc1 114. Na5 Ka7 115. Nc6+ Ka8 116. Kc5 Be3+ 117. Kd6 Bc5+ 118. Kc7 Bb6+ 119. Kc8 Bc5 120. b5 Bb6 121. Nb4 Bc5 122. Nd5 Ka7 123. Kc7 Bd4 124. Kc6 Bf2 125. Ne7 Be3 126. Nc8+ Kb8 127. Nd6 Ka8 128. b6 Kb8 129. Nb5 Bf4 130. a7+ 1-0

[Event "*** Titled Tuesday Blitz"]
[Site "Chess.com"]
[Date "2019.01.01"]
[Round "10"]
[White "StephenDedalus83"]
[Black "gmjlh"]
[Result "1-0"]
[WhiteElo "2716"]
[BlackElo "2640"]
[TimeControl "180+2"]
[EndTime "15:26:29 PST"]
[Termination "StephenDedalus83 won on time"]

1. e4 c6 2. Nc3 d5 3. Nf3 dxe4 4. Nxe4 Nf6 5. Qe2 Nxe4 6. Qxe4 Qa5 7. Bd3 Na6 8. Bc4 Qf5 9. Qxf5 Bxf5 10. d3 Nb4 11. Bb3 h6 12. a3 Nd5 13. Bd2 e6 14. O-O Bc5 15. d4 Bd6 16. Rfe1 O-O 17. Ne5 Rad8 18.
c4 Nf6 19. Be3 Ng4 20. Nxg4 Bxg4 21. Bc2 Bc7 22. h3 Bf5 23. Bxf5 exf5 24. f3 Rfe8 25. Bf2 Kf8 26. Kf1 Bb6 27. Rxe8+ Kxe8 28. Rd1 f4 29.
Ke2 f5 30. Kd3 Kf7 31. Kc3 g5 32. b4 h5 33. Re1 Bc7 34. a4 a6 35. Rb1 g4 36. hxg4 fxg4 37. b5 g3 38. Bg1 Ba5+ 39. Kd3 Re8 40. bxa6 bxa6 41. d5 cxd5 42. cxd5 Re5 43. Rb7+ Kg6 44. Ra7 Rxd5+ 45. Ke4 Rd6 46. Kxf4 h4 47. Kg4 Bd8 48. Be3 Rc6 49. Rd7 Bf6 50.
f4 Rc4 51. Rd6 Rxa4 52. Bb6 Kf7 53. Kf5 Be7 54. Rh6 Rb4 55. Rh7+ Kg8 56. Rxe7 Rxb6 57. Kg4 Rh6 58. Kh3 Kf8 59. Ra7 Ke8 60. f5 Kd8 61.
Rb7 Kc8 62. Rb4 Kc7 63. Rxh4 Rxh4+ 64. Kxh4 a5 65. Kg5 a4 66. f6 Kd7 67. Kg6 a3 68. f7 a2 69. f8=Q a1=Q 70. Qf5+ Kd6 71.
Qd3+ Ke6 72. Qxg3 Qf6+ 73. Kh5 Qh8+ 74. Kg4 Qg7+ 75. Kf4 Qe5+ 76. Kf3 Qc3+ 77. Kg4 Qb4+ 78. Kh5 Kf7 79. Qg6+ Kf8 80. g4 Qb5+ 81. Kh6 Qe2 82.
Qf6+ Ke8 83. g5 Qh2+ 84. Kg7 Qc7+ 85. Kh8 Qh2+ 86. Kg8 Qa2+ 87. Kg7 Qa7+ 88. Kh8 Qa2 89. Qe5+ Kf7 90. Qf5+ Ke7 91. g6 Qa8+ 92. Kh7 Qh1+ 93. Kg7 Qa1+ 94. Kg8 Qa8+ 95. Kg7 Qa1+ 96. Kh6 Qh1+ 97.
Qh5 Qa1 98. Kh7 Kf6 99. Qh4+ Kf5 100. g7 Qa7 101. Qh5+ Kf6 102. Qg6+ Ke5 103. Kh8 Qa8+ 104. g8=Q Qh1+ 105. Kg7 1-0

[Event "*** Titled Tuesday Blitz"]
[Site "Chess.com"]
[Date "2019.01.01"]
[Round "10"]
[White "Sunrise777"]
[Black "ama18"]
[Result "0-1"]
[WhiteElo "2636"]
[BlackElo "2481"]
[TimeControl "180+2"]
[EndTime "15:26:52 PST"]
[Termination "ama18 won on time"]

1. d4 d5 2. c4 dxc4 3. Nf3 Nf6 4. Nc3 a6 5. e4 b5 6. e5 Nd5 7. a4 Bb7 8. e6 f6 9. Ne4 Ne3 10. Bxe3 Bxe4 11. Nd2 Bd5 12. axb5 Bxe6 13. Bxc4 Bxc4 14. Nxc4 Qd5 15. Qf3 Qxf3 16. gxf3 e6 17. b6 cxb6 18. Nxb6 Ra7 19. d5 exd5 20. O-O Kf7 21. Rfc1 Be7 22. Nxd5 Rb7 23. Nxe7 Kxe7 24. b4 Rd8 25. Bc5+ Kf7 26. Ra2 Rdd7 27. Re2 Nc6 28. Re4 Ne5 29. Kg2 Nd3 30.
Rc3 Rbc7 31. Rec4 Ne5 32. Re4 Nd3 33. Rec4 Rd5 34. Be3 Rxc4 35. Rxc4 Rb5 36. Bd2 Ne5 37.
Rc7+ Kg6 38. f4 Nd3 39. Rc4 Rd5 40. Kf3 Kf5 41. Be3 Rb5 42. Bd2 Rd5 43. Be3 h5 44. Rc6 Nxb4 45. Rb6 a5 46. Rb7 g5 47.
fxg5 fxg5 48. Rf7+ Kg6 49. Ra7 Nc2 50. Ra6+ Kf5 51. Bb6 g4+ 52. Ke2 Re5+ 53. Kd2 Nb4 54. Rxa5 Rxa5 55. Bxa5 Nc6 56. Bc7 Ke4 57. Ke2 Nd4+ 58.
Kf1 Kf3 59. Bd8 Ne6 60. Bf6 Nf4 61. Bh4 Ng6 62. Bf6 Nf4 63. Bh4 Ng6 64. Bf6 h4 65.
Kg1 Ke2 66. Bg5 h3 67. Be3 Ne5 68. Ba7 Nf3+ 69. Kh1 Kf1 70. Bb6 Ne1 71. Ba7 Nd3 72.
Bb6 Ne5 73. Ba7 Nf3 74. Bb8 Ke2 75.
Bg3 Nd2 76. Bh4 Ne4 77. Bg3 Kf1 78. Bh4 Ke2 79. Bg3 Kf3 80. Bh4 Ke2 81. Bg3 Ng5 82. Bh4 Ne6 83. Bg3 Nd4 84. Be5 Nf5 85. Bg3 Nd4 86.
Be5 Nc2 87. Bg3 Ne1 88. Bh4 Nc2 89. Bg3 Nd4 90. Be5 Nf5 91. Bg3 Kf1 92. Bb8 Kxf2 93. Bc7 Kf1 94. Bg3 Nxg3+ 95. hxg3 Kf2 0-1

[Event "*** Titled Tuesday Blitz"]
[Site "Chess.com"]
[Date "2019.01.01"]
[Round "10"]
[White "maziarbagheri"]
[Black "evgenyermolaev"]
[Result "1/2-1/2"]
[WhiteElo "2370"]
[BlackElo "2479"]
[TimeControl "180+2"]
[EndTime "15:31:25 PST"]
[Termination "Game drawn by 50-move rule"]

1. d4 Nf6 2. c4 c5 3. Nf3 cxd4 4. Nxd4 e5 5. Nb5 d5 6. cxd5 Bc5 7. e3 O-O 8. N1c3 a6 9. Na3 b5 10. Nc2 e4 11.
Be2 Bb7 12. O-O Nbd7 13. b3 Nb6 14. Bb2 Nbxd5 15. Nxd5 Nxd5 16. Rc1 Qg5 17. Bd4 Rac8 18. Bxc5 Rxc5 19. Nd4 Nc3 20. Qd2 Rfc8 21. b4 R5c7 22. Rc2 Qe7 23. a3 a5 24. Rfc1 axb4 25. axb4 Qxb4 26. Bxb5 Qa3 27. Bd7 Rxd7 28. Rxc3 Rxc3 29. Qxc3 Qxc3 30. Rxc3 Kf8 31. h4 Ba6 32. g4 g6 33. Kg2 Bd3 34. Kg3 Ke7 35. Kf4 h6 36. Rc6 Rd5 37. Rc7+ Kf6 38. g5+ hxg5+ 39. hxg5+ Kg7 40.
Re7 Kf8 41. Re5 Rd8 42. Rc5 Ra8 43. Rc7 Ra5 44. Rc8+ Kg7 45. Rc7 Kf8 46. Rb7 Rc5 47. Rb8+ Kg7 48. Rb7 Kf8 49. Rb6 Ra5 50. Rf6 Kg7 51. Rd6 Ra2 52. Kg3 Ra1 53. Kg2 Bf1+ 54. Kh2 Bd3 55. Rd7 Kf8 56. Rc7 Rf1 57. Kg2 Ra1 58.
Rc6 Kg7 59. Rf6 Ra5 60. Rf4 Rxg5+ 61. Kh2 Ra5 62. f3 Ra2+ 63. Kg3 f5 64. fxe4 Bxe4 65.
Rh4 Rg2+ 66. Kh3 g5 67. Rxe4 Rf2 68. Re7+ Kf6 69. Re6+ Kf7 70. Re5 Kf6 71. Re6+ Kf7 72. Kg3 Rd2 73. Re5 f4+ 74. Kf3 Rd3 75. Nf5 Kf6 76. Rb5 fxe3 77. Ke2 Ra3 78. Nxe3 g4 79.
Nxg4+ Ke6 80. Ne3 Kd6 81. Kf3 Kc6 82. Rg5 Kd6 83. Ke4 Ra4+ 84. Kd3 Ra3+ 85. Kd4 Ra4+ 86. Nc4+ Kc6 87. Rg6+ Kd7 88. Kd5 Ra1 89. Rg7+ Ke8 90. Ke6 Kf8 91. Rc7 Re1+ 92. Ne5 Re2 93. Kf6 Rf2+ 94. Kg6 Rg2+ 95. Kf5 Rf2+ 96. Kg5 Rg2+ 97. Ng4 Rg1 98. Kf5 Rf1+ 99. Kg6 Rg1 100. Kf6 Rf1+ 101. Ke6 Re1+ 102. Ne5 Re2 103. Rh7 Re1 104. Rh5 Kg7 105. Rg5+ Kf8 106. Rg4 Re2 107. Rg3 Re1 108. Kf6 Rf1+ 109. Nf3 Ke8 110. Ke6 Kd8 111. Ne5 Re1 112. Rc3 Re2 113. Rc4 Re1 114. Rc2 Re4 115. Kd5 Re1 116. Ke6 Re4 117. Kd6 Rd4+ 118. Kc5 Rd1 119. Nc6+ Kc7 120. Nd4 Kd7 121. Rf2 Rc1+ 122. Kd5 Rd1 123. Rf7+ Ke8 124. Rf5 Kd7 125. Rf7+ Ke8 126. Rh7 Rd2 127. Ke6 Kf8 128. Rd7 Ke8 129. Ra7 Kf8 130. Rd7 Ke8 131. Re7+ Kf8 132. Rf7+ Ke8 133. Re7+ Kf8 134. Rd7 Ke8 135. Rd5 Rd1 136. Rg5 Kf8 137. Rd5 Re1+ 138. Kf6 Ke8 139. Nf5 Rf1 140. Rd4 Rf2 141. Rd3 Rf1 142. Ke6 Re1+ 143. Ne3 Kf8 144. Kf6 Ke8 145. Nf5 Rf1 146. Rd4 Rf2 147. Rd5 Rf1 148. Rd2 Rf4 149. Ke6 Re4+ 150. Kf6 Rf4 151. Ke5 Rf1 152. Ke6 Re1+ 153. Kf6 Rf1 154. Rd4 1/2-1/2